 Dungeon Crawl Stone Soup version 0.28-a0-655-g4eb62b627b (webtiles) character file.

Game seed: 4090678464596406199

115 kipponium the Chopper (level 4, -7/35 HPs)
             Began as a Demonspawn Chaos Knight on Oct 12, 2021.
             Was a Plaything of Xom.
             Mangled by a red devil (10 damage)
             ... summoned by Xom
             ... on level 3 of the Dungeon.
             The game lasted 00:05:24 (2512 turns).

kipponium the Chopper (Demonspawn Chaos Knight)     Turns: 2512, Time: 00:05:24

Health: -7/35      AC:  9    Str: 13    XL:     4   Next: 68%
Magic:  4/4        EV: 10    Int: 13    God:    Xom [......]
Gold:   178        SH:  5    Dex: 15    Spells: 3/3 levels left

rFire   . . .      SeeInvis .   a - +0 hand axe (chaos)
rCold   . . .      Faith    .   g - +2 buckler {AC+3}
rNeg    . . .      Spirit   .   b - +2 leather armour
rPois   .          Reflect  .   n - +0 helmet
rElec   .          Harm     .   (no cloak)
rCorr   .          Rampage  .   (no gloves)
Will    .....                   (no boots)
Stlth   ++........              (no amulet)
HPRegen 0.11/turn               (no ring)
MPRegen 0.09/turn               (no ring)

@: spiked, attractive
A: thin skeletal structure 1, foul stench 1
a: Renounce Religion


You were on level 3 of the Dungeon.
You worshipped Xom.
You were a very special plaything of Xom.
You visited 1 branch of the dungeon, and saw 3 of its levels.

You collected 178 gold pieces.

Inventory:

Hand Weapons
 a - a +0 hand axe of chaos (weapon)
 j - a +2 short sword of speed
Missiles
 f - 4 boomerangs (quivered)
 l - 7 poisoned darts
Armour
 b - a +2 leather armour (worn)
 g - a +2 buckler of protection (worn)
 n - a +0 helmet (worn)
Scrolls
 c - 5 scrolls of identify {unknown}
 d - a scroll of teleportation {unknown}
 k - a scroll of magic mapping {unknown}
Potions
 h - a potion of degeneration {unknown}
 i - a potion of attraction
 m - a potion of berserk rage {unknown}


   Skills:
 - Level 3.0 Fighting
 * Level 4.9 Axes
 - Level 0.1 Throwing
 - Level 1.7 Armour
 - Level 0.8 Dodging
 - Level 0.1 Shields


You had 3 spell levels left.
You didn't know any spells.
Your spell library contained the following spells:

 Spells                   Type           Power      Damage    Failure   Level
 Frozen Ramparts          Ice            0%         1d2       88%         3
 Ice Form                 Ice/Tmut       0%         N/A       99%         4
 Summon Ice Beast         Ice/Summ       0%         N/A       99%         4


Dungeon Overview and Level Annotations

Branches:
Dungeon (3/15)

Altars:


Innate Abilities, Weirdness & Mutations

You have a somewhat thin skeletal structure. (Dex +2, Stealth+)
You may rarely emit foul miasma when damaged in melee.


Message History

A frilled lizard comes into view.
The crimson imp hits you but does no damage.
The orange demon closely misses you. You block the red devil's attack.
Press: ? - help, v - describe, . - travel
Here: a red devil, wielding a +0 trident (summoned)
The floor.
The crimson imp blinks!
The red devil hits you from afar with a +0 trident!!
Ouch! That really hurt!
A shower of butterflies erupts from you!
Barbed spikes become lodged in your body.
The barbs in your skin will harm you if you move.
Continue?
You swap places.
The barbed spikes dig painfully into your body as you move.
* * * LOW HITPOINT WARNING * * *
The centaur skeleton hits your butterfly.
Your butterfly dies!
Your butterfly degenerates into a cloud of primal chaos!
The orange demon completely misses you.
It was a potion of attraction.
You feel attractive to monsters.
The hobgoblin is engulfed in seething chaos.
You block the hobgoblin's attack.
The frilled lizard misses your butterfly.
The centaur skeleton hits you.
* * * LOW HITPOINT WARNING * * *
The centaur skeleton kicks you but does no damage.
The red devil barely misses you. You block the orange demon's attack.
The frilled lizard is attracted toward you.
It was a potion of curing.
You feel better.
Xom thinks this is hilarious!
The hobgoblin hits you.
* * * LOW HITPOINT WARNING * * *
The centaur skeleton hits you but does no damage.
The centaur skeleton kicks you.
* * * LOW HITPOINT WARNING * * *
The orange demon stings you but does no damage.
The red devil hits you from afar with a +0 trident!
You die...
Xom chortles!

# #.....# #....# #
#.....# #....#
###.....####....#
................#
........####..b.####
##†)......##.......##
...)....#.......##..#
..#....<#####....##.#
..............##@##(#
...###.###.....#gZlb#
...
#.##......44.#.b.....
...
).##.....b.#.........
...
#............§b.......
... #...
.......#####..... ...
### #...... .....
....... ..... .......
....


You could see an orange demon (summoned), a red devil (summoned, ally target), a
hobgoblin, a frilled lizard and a centaur skeleton.

Vanquished Creatures
  A hound (D:3)
  2 adders (D:2)
  5 dart slugs
  5 endoplasms
  A giant cockroach (D:1)
  5 goblins
  4 hobgoblins
  6 jackals (D:2)
  2 quokkas (D:1)
  8 ball pythons
  3 bats (D:1)
  2 frilled lizards (D:1)
  5 kobolds
  A rat (D:1)
  A spectral kobold (D:1)
51 creatures vanquished.

Vanquished Creatures (collateral kills)
  A kobold (D:1)
  A rat (D:1)
2 creatures vanquished.

Vanquished Creatures (others)
  A rat (D:1)
  4 fungi (D:1)
  3 toadstools (D:1)
8 creatures vanquished.

Grand Total: 61 creatures vanquished

Notes
Turn   | Place    | Note
-------+----------+-------------------------------------------
     0 | D:1      | kipponium the Demonspawn Chaos Knight began the quest for
                  | the Orb.
     0 | D:1      | Reached XP level 1. HP: 18/18 MP: 1/1
   173 | D:1      | Reached skill level 3 in Axes
   206 | D:1      | Found a faded altar of an unknown god.
   283 | D:1      | Gained mutation: You have a somewhat thin skeletal
                  | structure. (Dex +2, Stealth+) [demonic ancestry]
   283 | D:1      | Reached XP level 2. HP: 16/24 MP: 2/2
   736 | D:1      | XOM: cloud trail
  1036 | D:1      | XOM: divination: magic mapping
  1198 | D:2      | Reached XP level 3. HP: 25/29 MP: 3/3
  1218 | D:2      | XOM: silly message
  1347 | D:2      | Reached skill level 4 in Axes
  1605 | D:2      | XOM: potion effect (invisibility)
  1655 | D:2      | XOM: divination: detect creatures
  1872 | D:2      | Gained mutation: You may rarely emit foul miasma when
                  | damaged in melee. [demonic ancestry]
  1872 | D:2      | Reached XP level 4. HP: 35/35 MP: 4/4
  2287 | D:3      | XOM: enchant monster (bad)
  2421 | D:3      | XOM: 1-stop teleportation journey
  2507 | D:3      | XOM: summons 3 hostile demons
  2508 | D:3      | Noticed an orange demon
  2508 | D:3      | Noticed a red devil
  2509 | D:3      | XOM: butterfly on damage
  2512 | D:3      | Mangled by a red devil

Illustrated notes

Levels and vault maps discovered:
D:1:      nicolae_arrival_somewhat_less_tricky_arrival, layout_loops_ring,
          dreamdust_ecumenical_altar_drowned_temple, glass_columns_c,
          minmay_gold_behind_fungi
D:2:      layout_basic, minmay_bisected
D:3:      layout_rooms

Skill      XL: |  1  2  3 |
---------------+----------+-----
Axes           | 3 4 |  4.9
Fighting       | |  3.0
Throwing       | |  0.1
Armour         | |  1.7
Dodging        | |  0.8
Shields        | |  0.1

Action                   |  1- 3 |  4- 6 || total
-------------------------+-------+-------++-------
Melee: Hand axe          |   128 |    37 ||   165
Throw: Boomerang         |     2 |       ||     2
  Use: Potion            |       |     2 ||     2
 Stab: Sleeping          |     8 |     2 ||    10
       Paralysed         |     1 |       ||     1
       Invisible         |     1 |       ||     1
Armor: Leather armour    |    45 |    26 ||    71
Dodge: Dodged            |    63 |    22 ||    85
Block: Buckler           |    14 |    20 ||    34

Table legend: (Time is in decaauts)
 A = Elapsed time spent in this place.
 B = Non-inter-level travel time spent in this place.
 C = Inter-level travel time spent in this place.
 D = Time resting spent in this place.
 E = Time spent auto-exploring this place.
 F = Levels seen in this place.
 G = Mean time per level.
                   A        B        C        D        E       F      G
               +--------+--------+--------+--------+--------+-----+--------+
         Total |   2546 |   2478 |     68 |    618 |   1346 |   3 |  848.7 |
       Dungeon |   2546 |   2478 |     68 |    618 |   1346 |   3 |  848.7 |
               +--------+--------+--------+--------+--------+-----+--------+

Top non-repeatable levels by time:
     D:2: 1341 daAuts
     D:1: 1094 daAuts
     D:3: 110 daAuts
